 Dungeon Crawl Stone Soup version 0.18.1-8-gdd0e5ea (webtiles) character file.

3808 onetimeplay the Carver (level 10, -1/76 HPs)
             Began as a Human Fighter on May 27, 2016.
             Was a Follower of Qazlal.
             Slain by a water moccasin (4 damage)
             ... on level 1 of the Lair of Beasts.
             The game lasted 00:38:45 (8635 turns).

onetimeplay the Carver (Human Fighter)              Turns: 8635, Time: 00:38:45

Health: -1/76      AC: 10    Str: 19    XL:     10   Next: 39%
Magic:  12/12      EV: 10    Int:  8    God:    Qazlal [*.....]
Gold:   58         SH: 10    Dex: 14    Spells: 1 memorised, 6 levels left

rFire  + . .     SeeInvis .     n - +1 falchion (holy)
rCold  + . .     Gourm    .     b - +0 scale mail
rNeg   . . .     Faith    .     c - +0 shield
rPois  +         Spirit   .     (no helmet)
rElec  +         Dismiss  .     (no cloak)
rCorr  +         Reflect  .     (no gloves)
SustAt +         Harm     .     l - +1 pair of boots
MR     .....                    (no amulet)
Stlth  +.........               y - ring of sustain attributes
                                a - ring of wizardry

@: resistant, not resistant to hostile enchantments, very unstealthy
A: no striking features
a: Renounce Religion


You were on level 1 of the Lair of Beasts.
You worshipped Qazlal.
Qazlal was aware of your devotion.
You were not hungry.

You visited 3 branches of the dungeon, and saw 11 of its levels.
You also visited: Sewer.

You collected 58 gold pieces.

Inventory:

Hand Weapons
 n - a +1 falchion of holy wrath (weapon)
Missiles
 o - 4 javelins (quivered)
Armour
 b - a +0 scale mail (worn)
 c - a +0 shield (worn)
 l - a +1 pair of boots (worn)
Jewellery
 a - a ring of wizardry (left hand)
 y - a ring of sustain attributes (right hand)
 A - a +3 ring of intelligence
Wands
 z - a wand of flame (13/48)
 D - a wand of paralysis (0/24)
Scrolls
 e - 2 scrolls of amnesia
 m - 3 scrolls of remove curse
 x - 4 scrolls of teleportation
Potions
 u - a potion of brilliance {unknown}
 B - a potion of flight {unknown}
Books
 g - a book of Spatial Translocations

   Spells                             Type                      Level
   a - Apportation                    Translocation                1
   b - Blink                          Translocation                2
   c - Shroud of Golubria             Charms/Translocation         2
   d - Portal Projectile              Translocation                3
   e - Teleport Other                 Translocation                3
   f - Passage of Golubria            Translocation                4
 p - a book of Battle

   Spells                             Type                      Level
   a - Infusion                       Charms                       1
   b - Shroud of Golubria             Charms/Translocation         2
   c - Song of Slaying                Charms                       2
   d - Spectral Weapon                Hexes/Charms                 3
   e - Regeneration                   Charms/Necromancy            3
 w - a book of Maledictions

   Spells                             Type                      Level
   a - Corona                         Hexes                        1
   b - Ensorcelled Hibernation        Hexes/Ice                    2
   c - Confuse                        Hexes                        3
   d - Tukima's Dance                 Hexes                        3
   e - Dazzling Spray                 Conjuration/Hexes            3
Comestibles
 d - a royal jelly
 f - 2 bread rations
 h - 2 slices of pizza
 k - 2 beef jerkies
 r - 6 meat rations


   Skills:
 + Level 5.8 Fighting
 * Level 8.1 Long Blades
 + Level 0.4 Throwing
 + Level 6.8 Armour
 + Level 5.6 Dodging
 + Level 2.2 Stealth
 - Level 3.0 Shields
 * Level 5.4 Charms
 * Level 2.9 Invocations
 + Level 0.6 Evocations


You had 6 spell levels left.
You knew the following spells:

 Your Spells              Type           Power        Failure   Level  Hunger
a - Regeneration          Chrm/Necr      #.........   99%         3    ####...


Dungeon Overview and Level Annotations

Branches:
Dungeon (9/15)             Temple (1/1) D:6            Lair (1/8) D:8
    Orc: D:9-12

Altars:
Cheibriados
Kikubaaqudgha
Makhleb
Nemelex Xobeh
Okawaru
Pakellas
Qazlal
Ru
Sif Muna
Trog
Vehumet
Xom
Yredelemnul
Zin

Annotations:
D:8 Maurice


Message History

You barely miss the spiny frog.
The spiny frog is almost dead.
You block the water moccasin's attack. The spiny frog stings you!!
* * * LOW HITPOINT WARNING * * *
Drink which item? (? for menu, Esc to quit)
It was a potion of resistance.
You feel protected. You block the water moccasin's attack.
You block the spiny frog's attack. The water moccasin closely misses you.
You closely miss the spiny frog.
The spiny frog is almost dead.
You block the spiny frog's attack. The water moccasin closely misses you.
You hit the spiny frog but do no damage.
The spiny frog is almost dead.
You block the water moccasin's attack.
The spiny frog stings you but does no damage.
You hit the spiny frog.
The spiny frog is almost dead.
The water moccasin bites you.
You die...

## #.#########
#..........
#..#.#.#.##
#..+.......#...
#.††..........#
##..#.......#..
#P..@S........
##..#F......#
#..........#
#..#.......#
#.†........#
#..#.......#
#...##P..###...
#......<.......
#..............


You could see a spiny frog and a water moccasin.

Vanquished Creatures
  The ghost of nezrel the Basher, a novice MiFi of Okawaru (D:4)
  A two-headed ogre (D:8)
  A hungry ghost (D:8)
  2 yaks (D:9)
  Menkaure (D:6)
  2 water moccasins
  An ice beast (D:7)
  A necrophage (D:6)
  2 black bears (D:6)
  6 ogres
  2 centaurs
  Blork the orc (D:6)
  A giant frog (Temple)
  A big kobold (Sewer)
  3 scorpions
  2 killer bees (D:6)
  A howler monkey (D:4)
  2 crimson imps (D:5)
  2 hounds
  2 centaur zombies
  2 jellies
  6 orc wizards
  4 orc priests
  2 giant frog skeletons
  3 worker ants
  Ijyb (D:3)
  A hound skeleton (D:4)
  A worker ant zombie (D:5)
  A gnoll (D:6)
  10 river rats
  14 adders
  2 shadow imps
  An ooze (D:1)
  An adder skeleton (D:8)
  5 dart slugs
  3 worms (D:2)
  4 giant geckos
  15 orcs
  6 ball pythons
  8 bats
  5 giant cockroaches
  4 goblins
  4 hobgoblins
  3 jackals (D:5)
  3 quokkas
  2 giant gecko skeletons (D:5)
  3 giant newts
  22 kobolds
  29 rats
200 creatures vanquished.

Vanquished Creatures (others)
  An orc (D:4)
  A bat (D:2)
  A quokka (D:2)
3 creatures vanquished.

Grand Total: 203 creatures vanquished

Notes
Turn   | Place    | Note
--------------------------------------------------------------
     0 | D:1      | onetimeplay the Human Fighter began the quest for the Orb.
     0 | D:1      | Reached XP level 1. HP: 18/18 MP: 1/1
    32 | D:1      | Reached XP level 2. HP: 18/24 MP: 2/2
   248 | D:1      | Reached XP level 3. HP: 29/29 MP: 3/3
   678 | D:2      | Reached XP level 4. HP: 31/35 MP: 4/4
   696 | D:2      | Reached skill level 3 in Long Blades
   805 | D:2      | Learned a level 3 spell: Regeneration
  1257 | D:2      | Reached skill level 1 in Dodging
  1419 | D:2      | Reached XP level 5. HP: 41/41 MP: 5/5
  1578 | D:3      | Noticed a centaur
  1864 | D:3      | Reached skill level 1 in Charms
  1904 | D:3      | Killed a centaur
  1904 | D:3      | Reached skill level 4 in Long Blades
  1904 | D:3      | Reached XP level 6. HP: 12/47 MP: 6/6
  2231 | D:3      | Noticed Ijyb
  2248 | D:3      | Killed Ijyb
  2286 | D:3      | Found a burning altar of Makhleb.
  2291 | D:3      | Found a glowing silver altar of Zin.
  2291 | D:3      | Noticed a green death
  2291 | D:3      | Noticed an angel
  2589 | D:4      | Noticed an ogre
  2592 | D:4      | Killed an ogre
  2592 | D:4      | Reached XP level 7. HP: 14/53 MP: 7/7
  2727 | D:4      | Noticed nezrel's ghost (novice MiFi)
  2743 | D:4      | Killed nezrel's ghost
  2743 | D:4      | Reached skill level 5 in Long Blades
  2743 | D:4      | Reached XP level 8. HP: 35/60 MP: 8/8
  2749 | D:4      | Reached skill level 5 in Armour
  2836 | D:4      | Found a snail-covered altar of Cheibriados.
  3058 | D:4      | Found a glowing drain.
  3073 | Sewer    | Entered a sewer
  4098 | D:4      | Found a basalt altar of Yredelemnul.
  4711 | D:5      | Entered Level 5 of the Dungeon
  4869 | D:5      | Found a shimmering altar of Xom.
  4869 | D:5      | Found a shimmering altar of Xom.
  4870 | D:5      | Found a shimmering altar of Xom.
  4871 | D:5      | Found a shimmering altar of Xom.
  4874 | D:5      | Found a shimmering altar of Xom.
  5032 | D:5      | Found a sacrificial altar of Ru.
  5171 | D:5      | Reached skill level 6 in Long Blades
  5636 | D:6      | Noticed Blork the orc
  5648 | D:6      | Reached XP level 9. HP: 66/66 MP: 9/9
  5655 | D:6      | Killed Blork the orc
  5720 | D:6      | Noticed Menkaure
  5730 | D:6      | Killed Menkaure
  5800 | D:6      | Found a staircase to the Ecumenical Temple.
  5809 | Temple   | Entered the Ecumenical Temple
  5879 | Temple   | Became a worshipper of Qazlal Stormbringer
  5932 | Temple   | Reached skill level 7 in Long Blades
  6162 | D:6      | Found a bloodstained altar of Trog.
  6163 | D:6      | Found an iron altar of Okawaru.
  6273 | D:6      | Reached skill level 5 in Fighting
  6306 | D:6      | Reached skill level 5 in Dodging
  7018 | D:7      | Found a radiant altar of Vehumet.
  7020 | D:7      | Found an ancient bone altar of Kikubaaqudgha.
  7145 | D:8      | Noticed a two-headed ogre
  7160 | D:8      | Killed a two-headed ogre
  7160 | D:8      | Reached skill level 1 in Stealth
  7160 | D:8      | Reached skill level 1 in Invocations
  7199 | D:8      | Reached XP level 10. HP: 55/74 MP: 10/10
  7440 | D:8      | Noticed Maurice
  7477 | D:8      | Paralysed by something for 6 turns
  7497 | D:8      | Paralysed by something for 3 turns
  7678 | D:8      | Reached skill level 5 in Charms
  7697 | D:8      | Reached * piety under Qazlal
  8009 | D:8      | Found a staircase to the Lair.
  8075 | D:8      | Reached skill level 8 in Long Blades
  8077 | D:8      | Paralysed by fainting for 12 turns
  8565 | Lair:1   | Entered Level 1 of the Lair of Beasts
  8616 | Lair:1   | Noticed a spiny frog
  8631 | Lair:1   | HP: 2/76 [spiny frog (18)]
  8635 | Lair:1   | Slain by a water moccasin

Skill      XL: |  1  2  3  4  5  6  7  8  9 10 |
---------------+-------------------------------+-----
Long Blades    | 3 4 5 6 7 8 |  8.1
Dodging        | 1 2 4 5 |  5.6
Charms         | 1 2 3 4 5 |  5.4
Armour         | 4 5 6 |  6.8
Fighting       | 4 5 |  5.8
Stealth        | 1 2 |  2.2
Invocations    | 1 2 |  2.9
Throwing       | |  0.4
Shields        | |  3.0
Evocations     | |  0.6

Action                   |  1- 3 |  4- 6 |  7- 9 | 10-12 || total
-------------------------+-------+-------+-------+-------++-------
Melee: Long sword        |    89 |   170 |   537 |       ||   796
       Falchion          |       |       |    23 |   230 ||   253
Throw: Javelin           |     1 |       |     3 |     3 ||     7
Evoke: Wand              |       |       |     1 |     6 ||     7
  Use: Scroll            |       |     7 |     6 |     3 ||    16
       Potion            |       |     4 |    22 |     2 ||    28
 Stab: Paralysed         |       |       |     7 |       ||     7
  Eat: Chunk             |       |     7 |    10 |     2 ||    19
       Fruit             |       |       |     2 |       ||     2
       Royal jelly       |       |       |     1 |       ||     1
       Bread ration      |       |       |     1 |       ||     1
       Pizza             |       |       |       |     2 ||     2
       Beef jerky        |       |       |       |     1 ||     1
Armor: Scale mail        |    46 |    66 |   277 |    76 ||   465
Dodge: Dodged            |    23 |    62 |   329 |    72 ||   486
Block: Shield            |    54 |    92 |   386 |    81 ||   613
